Workbook

Sheet Datos
A1: Empresa XXXX
A3: Conceptos de Balance | C3: 2020 | D3: 2020 | E3: 2021 | J3: NOTAS Y ACCIONES
A4: Inmovilizaciones inmateriales
A5: Inmovilizaciones materiales
A6: Inversiones en empresas del grupo y asociadas
A7: Inversiones financieras a largo plazo
A8: Otros activos a largo plazo
A9: Total Activo Fijo | C9: =SUM(C4:C8) -> 0 | E9: =SUM(E4:E8) -> 0
A11: Existencias
A12: Deudores
A13: Inversiones Financieras c/P
A14: Tesorería
A15: Total Activo Circulante | C15: =SUM(C11:C14) -> 0 | E15: =SUM(E11:E14) -> 0
A17: Total Activo | C17: =C9+C15 -> 0 | E17: =E9+E15 -> 0
A19: Patrimonio neto
A20: Deudas con entidades de crédito
A21: Otros pasivos financieros
A22: Total Pasivo a Largo Plazo | C22: =SUM(C19:C21) -> 0 | E22: =SUM(E19:E21) -> 0
A24: Proveedores
A25: Bancos y otros proveedores financieros a corto plazo
A26: Otros acreedores
A27: Total Pasivo a Corto Plazo | C27: =SUM(C24:C26) -> 0 | E27: =SUM(E24:E26) -> 0
A29: Total Pasivo | C29: =C22+C27 -> 0 | E29: =E22+E27 -> 0
A31: Conceptos de Cuenta de resultados | C31: =C3 -> 2020 | E31: =E3 -> 2021
A32: Ingresos de explotación
A34: Coste de mercancias vendidas
A35: Otros gastos variables
A36: Total Gastos Variables | C36: =SUM(C34:C35) -> 0 | E36: =SUM(E34:E35) -> 0
A38: Margen Bruto | C38: =C32+C36 -> 0 | E38: =E32+E36 -> 0
H39: Nº personas | I39: Coste/persona
A40: Gastos de personal | H40: 19 | I40: =#REF!/H40 -> #REF!
A41: Otros Gastos de Explotación
A42: Total Gastos Fijos | C42: =SUM(C40:C41) -> 0 | E42: =SUM(E40:E41) -> 0
A44: EBITDA | C44: =C38+C42 -> 0 | E44: =E38+E42 -> 0
A45: Amortizaciones
A46: Resultado de las operaciones | C46: =C44+C45 -> 0 | E46: =E44+E45 -> 0
A48: Ingresos Financieros
A49: Gastos financieros y asimilados
A50: Resultados financieros | C50: =C48+C49 -> 0 | E50: =E48+E49 -> 0
A52: Ingresos extraordinarios
A53: Gastos extraordinarios
A54: Resultados extraordinarios | C54: =C52+C53 -> 0 | E54: =E52+E53 -> 0
A56: Resultado neto antes de Impuestos | C56: =C46+C50+C54 -> 0 | E56: =E46+E50+E54 -> 0
A58: Impuestos
A60: Resultado neto | C60: =C56+C58 -> 0 | E60: =E56+E58 -> 0
A62: Conceptos de Cuenta de resultados | C62: 2019 | E62: 2020
A63: Ingresos de explotación | C63: =C32/C$32 -> #DIV/0! | E63: =E32/E$32 -> #DIV/0!
A65: Coste de mercancias vendidas | C65: =C34/C$32 -> #DIV/0! | E65: =E34/E$32 -> #DIV/0!
A66: Otros gastos variables | C66: =C35/C$32 -> #DIV/0! | E66: =E35/E$32 -> #DIV/0!
A67: Total Gastos Variables | C67: =SUM(C65:C66) -> #DIV/0! | E67: =SUM(E65:E66) -> #DIV/0!
A69: Margen Bruto | C69: =C63+C67 -> #DIV/0! | E69: =E63+E67 -> #DIV/0!
A71: Gastos de personal | C71: =C40/C$32 -> #DIV/0! | E71: =E40/E$32 -> #DIV/0!
A72: Otros Gastos de Explotación | C72: =C41/C$32 -> #DIV/0! | E72: =E41/E$32 -> #DIV/0!
A73: Total Gastos Fijos | C73: =SUM(C71:C72) -> #DIV/0! | E73: =SUM(E71:E72) -> #DIV/0!
A75: EBITDA | C75: =C69+C73 -> #DIV/0! | E75: =E69+E73 -> #DIV/0!
A76: Amortizaciones | C76: =C45/C$32 -> #DIV/0! | E76: =E45/E$32 -> #DIV/0!
A77: Resultado de las operaciones | C77: =C75+C76 -> #DIV/0! | E77: =E75+E76 -> #DIV/0!
A79: Ingresos Financieros | C79: =C48/C$32 -> #DIV/0! | E79: =E48/E$32 -> #DIV/0!
A80: Gastos financieros y asimilados | C80: =C49/C$32 -> #DIV/0! | E80: =E49/E$32 -> #DIV/0!
A81: Resultados financieros | C81: =C79+C80 -> #DIV/0! | E81: =E79+E80 -> #DIV/0!
A83: Ingresos extraordinarios | C83: =C52/C$32 -> #DIV/0! | E83: =E52/E$32 -> #DIV/0!
A84: Gastos extraordinarios | C84: =C53/C$32 -> #DIV/0! | E84: =E53/E$32 -> #DIV/0!
A85: Resultados extraordinarios | C85: =C83-C84 -> #DIV/0! | E85: =E83-E84 -> #DIV/0!
A87: Resultado neto antes de Impuestos | C87: =C77+C81+C85 -> #DIV/0! | E87: =E77+E81+E85 -> #DIV/0!
A89: Impuestos | C89: =C58/C$32 -> #DIV/0! | E89: =E58/E$32 -> #DIV/0!
A91: Resultado neto | C91: =C87+C89 -> #DIV/0! | E91: =E87+E89 -> #DIV/0!

Sheet Origen y Aplicación
C3: =Datos!C3 -> 2020 | E3: =Datos!E3 -> 2021
A4: Inmovilizaciones inmateriales | E4: =-(Datos!E4-Datos!C4) -> 0
A5: Inmovilizaciones materiales | E5: =-(Datos!E5-Datos!C5) -> 0
A6: Inversiones en empresas del grupo y asociadas | E6: =-(Datos!E6-Datos!C6) -> 0
A7: Inversiones financieras a largo plazo | E7: =-(Datos!E7-Datos!C7) -> 0
A8: Otros activos a largo plazo | E8: =-(Datos!E8-Datos!C8) -> 0
A10: Patrimonio neto | E10: =Datos!E19-Datos!C19 -> 0
A11: Deudas con entidades de crédito | E11: =Datos!E20-Datos!C20 -> 0
A12: Otros pasivos financieros | E12: =Datos!E21-Datos!C21 -> 0
A14: Origen y aplicación (-) de fondos a largo plazo | E14: =SUM(E4:E13) -> 0
A16: Existencias | E16: =-(Datos!E11-Datos!C11) -> 0
A17: Deudores | E17: =-(Datos!E12-Datos!C12) -> 0
A18: Inversiones Financieras c/P | E18: =-(Datos!E13-Datos!C13) -> 0
A20: Proveedores | E20: =Datos!E24-Datos!C24 -> 0
A21: Bancos y otros proveedores financieros a corto plazo | E21: =Datos!E25-Datos!C25 -> 0
A22: Otros acreedores | E22: =Datos!E26-Datos!C26 -> 0
A24: Origen y aplicación (-) de fondos a corto plazo | E24: =SUM(E16:E23) -> 0
A26: Aumento o descenso (-) de Tesorería | E26: =E14+E24 -> 0
A28: Comprobación | E28: =Datos!E14-Datos!C14-E26 -> 0
A30: Fondo de Maniobra | C30: =Datos!C22-Datos!C9 -> 0 | E30: =Datos!E22-Datos!E9 -> 0
A32: NOF | C32: =Datos!C11+Datos!C12+Datos!C13-Datos!C24-Datos!C26 -> 0 | E32: =Datos!E11+Datos!E12+Datos!E13-Datos!E24-Datos!E26 -> 0

Sheet RatioTesoreria
A3: Ratios tesorería | C3: =Datos!C3 -> 2020 | E3: =Datos!E3 -> 2021
A4: Activo Circulante | C4: =Datos!C15 -> 0 | E4: =Datos!E15 -> 0
A5: Pasivo Circulante | C5: =Datos!C27 -> 0 | E5: =Datos!E27 -> 0
A6: Activo Circulante/Pasivo circulante (Current Ratio)(Ratio de Solvencia) | C6: =C4/C5 -> #DIV/0! | E6: =E4/E5 -> #DIV/0!
A8: Activo Circulante - Existencias | C8: =Datos!C15-Datos!C11 -> 0 | E8: =Datos!E15-Datos!E11 -> 0
A9: Pasivo Circulante | C9: =C5 -> 0 | E9: =E5 -> 0
A10: (Activo Circulante-Existencias)/Pasivo Circulante (Quick Ratio) (Ratio de liquidez) | C10: =C8/C9 -> #DIV/0! | E10: =E8/E9 -> #DIV/0!
A12: Días de caja | C12: =-(Datos!C14/(Datos!C34+Datos!C35+Datos!C40+Datos!C41+Datos!C49+Datos!C53+Datos!C58))*365 -> #DIV/0! | E12: =-(Datos!E14/(Datos!E34+Datos!E35+Datos!E40+Datos!E41+Datos!E49+Datos!E53+Datos!E58))*365 -> #DIV/0!

Sheet Du Pont
A1: Análisis Du Pont
C3: =Datos!C3 -> 2020 | E3: =Datos!E3 -> 2021
A4: Margen bruto (% sobre venta) | C4: =Datos!C38/Datos!C32 -> #DIV/0! | E4: =Datos!E38/Datos!E32 -> #DIV/0!
A5: EBITDA (% sobre venta) | C5: =Datos!C44/Datos!C32 -> #DIV/0! | E5: =Datos!E44/Datos!E32 -> #DIV/0!
A6: Resultado operaciones (% sobre venta) | C6: =Datos!C46/Datos!C32 -> #DIV/0! | E6: =Datos!E46/Datos!E32 -> #DIV/0!
A7: Resultados financieros (% sobre venta) | C7: =Datos!C50/Datos!C32 -> #DIV/0! | E7: =Datos!E50/Datos!E32 -> #DIV/0!
A8: Resultados extraordinarios (% sobre venta) | C8: =Datos!C54/Datos!C32 -> #DIV/0! | E8: =Datos!E54/Datos!E32 -> #DIV/0!
A10: =Datos!A32 -> Ingresos de explotación | C10: =Datos!C32 -> 0 | E10: =Datos!E32 -> 0
A11: =Datos!A60 -> Resultado neto | C11: =Datos!C60 -> 0 | E11: =Datos!E60 -> 0
A12: Rentabilidad sobre Ventas | C12: =C11/C10 -> #DIV/0! | E12: =E11/E10 -> #DIV/0!
A14: =Datos!A32 -> Ingresos de explotación | C14: =Datos!C32 -> 0 | E14: =Datos!E32 -> 0
A15: =Datos!A17 -> Total Activo | C15: =Datos!C17 -> 0 | E15: =Datos!E17 -> 0
A16: Total Activo (excepto tesorería) | C16: =Datos!C17-Datos!C14-Datos!C13 -> 0 | E16: =Datos!E17-Datos!E14-Datos!E13 -> 0
A17: Rotación de Activos | C17: =C14/C16 -> #DIV/0! | E17: =E14/E16 -> #DIV/0!
A19: Rentabilidad sobre Activos | C19: =C12*C17 -> #DIV/0! | E19: =E12*E17 -> #DIV/0!
A21: =Datos!A19 -> Patrimonio neto | C21: =Datos!C19 -> 0 | E21: =Datos!E19 -> 0
A22: =Datos!A29 -> Total Pasivo | C22: =Datos!C29 -> 0 | E22: =Datos!E29 -> 0
A23: Apalancamiento financiero | C23: =C22/C21 -> #DIV/0! | E23: =E22/E21 -> #DIV/0!
A25: Rentabilidad sobre Fondos Propios | C25: =C19*C23 -> #DIV/0! | E25: =E19*E23 -> #DIV/0!
A27: Días de cobro | C27: =(Datos!C12/Datos!C32)*365 -> #DIV/0! | E27: =(Datos!E12/Datos!E32)*365 -> #DIV/0!
A28: Días de pago | C28: =-(Datos!C24/Datos!C34)*365 -> #DIV/0! | E28: =-(Datos!E24/Datos!E34)*365 -> #DIV/0!
A29: Días de existencias | C29: =-(Datos!C11/Datos!C34)*365 -> #DIV/0! | E29: =-(Datos!E11/Datos!E34)*365 -> #DIV/0!
A31: Evolución ventas | E31: =(E14/C14)-1 -> #DIV/0!

Sheet PMuerto
A1: Puento Muerto
C3: =Datos!C3 -> 2020 | E3: =Datos!E3 -> 2021
A4: Gastos Variables (% sobre ventas) | C4: =-Datos!C36/Datos!C32 -> #DIV/0! | E4: =-Datos!E36/Datos!E32 -> #DIV/0!
A6: Gastos fijos (sin amortizaciones) | C6: =Datos!C42 -> 0 | E6: =Datos!E42 -> 0
A7: Gastos financieros | C7: =Datos!C49 -> 0 | E7: =Datos!E49 -> 0
A8: Devoluciones de préstamos | C8: 0 | E8: 0
A9: Total salidas de dinero | C9: =SUM(C6:C8) -> 0 | E9: =SUM(E6:E8) -> 0
A11: Punto Muerto de Cobros y Pagos | C11: =-C9/(1-C4) -> #DIV/0! | E11: =-E9/(1-E4) -> #DIV/0!
A13: Amortizaciones | C13: =Datos!C45 -> 0 | E13: =Datos!E45 -> 0
A15: Umbral de Rentabilidad | C15: =-(C6+C7+C13)/(1-C4) -> #DIV/0! | E15: =-(E6+E7+E13)/(1-E4) -> #DIV/0!
A17: Superavit o Déficit (-) de venta real sobre punto muerto | C17: =(Datos!C32/PMuerto!C11)-1 -> #DIV/0! | E17: =(Datos!E32/PMuerto!E11)-1 -> #DIV/0!

Sheet Resumen
A1: Análisis económico y financiero - Resumen
A3: Tesorería | C3: =Datos!C3 -> 2020 | E3: =Datos!E3 -> 2021
A4: Ratio de Solvencia | C4: =RatioTesoreria!C6 -> #DIV/0! | E4: =RatioTesoreria!E6 -> #DIV/0!
A5: Ratio de Liquidez | C5: =RatioTesoreria!C10 -> #DIV/0! | E5: =RatioTesoreria!E10 -> #DIV/0!
A6: Días de caja | C6: =RatioTesoreria!C12 -> #DIV/0! | E6: =RatioTesoreria!E12 -> #DIV/0!
A8: Estructura de balance
A9: Fondo de Maniobra | C9: ='Origen y Aplicación'!C30 -> 0 | E9: ='Origen y Aplicación'!E30 -> 0
A10: Apalancamiento financiero | C10: ='Du Pont'!C23 -> #DIV/0! | E10: ='Du Pont'!E23 -> #DIV/0!
A12: Rentabilidad
A13: Rentabilidad sobre ventas | C13: ='Du Pont'!C12 -> #DIV/0! | E13: ='Du Pont'!E12 -> #DIV/0!
A14: Rotación sobre activos | C14: ='Du Pont'!C17 -> #DIV/0! | E14: ='Du Pont'!E17 -> #DIV/0!
A15: Rentabilidad sobre activos | C15: ='Du Pont'!C19 -> #DIV/0! | E15: ='Du Pont'!E19 -> #DIV/0!
A17: Riesgo de negocio
A18: Punto muerto de cobros y pagos | C18: =PMuerto!C17 -> #DIV/0! | E18: =PMuerto!E17 -> #DIV/0!
